AoeStats
← 神圣罗马帝国 | Holy Roman

Baltic

510497250Analyzed
4v4 RM · 2d ago on Oct 1, 2026· 22m 18s· 8 players
Game mode
Random Map
Map size
Large (8 player)
Population
200
Speed
Normal
Resources
Standard
Victory
Conquest
Starting age
Dark Age
Ending age
Imperial Age
RankedLock teamsTeams togetherTeam positionsShared explorationLock speedFull tech treeHidden civsTurbo modeCheats
Victory
Defeat
1317
+12
🇹🇷 Spanish · Türkiye
1274
+14
🇭🇰 Saxons · Hong Kong SAR China
1257
+15
🇨🇳 Japanese · China
1241
+15
🇦🇺 Varangians · Australia
1416
-21
🇩🇪 Bulgarians · Germany
1241
-14
🇹🇼 Koreans · Taiwan
1146
-11
🇳🇿 Wu · New Zealand
1130
-10
顶呱呱
3:48 Loom
9:03 Loom
11:13 Feudal Age
15:32 Castle Age
13:58 Double-Bit Axe
14:22 Horse Collar
23:26 Wheelbarrow
SabahIctimasi
14:05 Feudal Age
14:49 Double-Bit Axe
14:56 Gold Mining
14:53 Fishing Lines
18:00 Castle Age
16:33 Fletching
17:42 Loom
18:56 Medium Warships
18:37 Gillnets
19:00 Bow Saw
21:16 Wheelbarrow
20:31 Horse Collar
21:27 Heavy Plow
神圣罗马帝国 | Holy Roman
11:33 Feudal Age
12:29 Double-Bit Axe
15:46 Castle Age
14:48 Gold Mining
16:37 Bow Saw
17:13 Medium Warships
21:32 Fletching
拿捏木村
11:06 Feudal Age
14:42 Castle Age
13:00 Double-Bit Axe
14:52 Gold Mining
15:22 Fletching
16:11 Medium Warships
fastgg
7:59 Loom
10:04 Feudal Age
10:13 Feudal Age
11:18 Double-Bit Axe
13:29 Wheelbarrow
15:35 Horse Collar
Tuno
4:56 Loom
9:15 Loom
11:21 Feudal Age
15:06 Double-Bit Axe
15:53 Fletching
18:11 Castle Age
16:38 Fishing Lines
18:53 Bodkin Arrow
20:21 Clinker Construction
21:38 Careening
0420David
10:11 Loom
12:06 Feudal Age
13:05 Double-Bit Axe
17:24 Castle Age
18:24 Bow Saw
18:49 Fletching
19:18 Gold Mining
peakdefied
7:20 Loom
11:05 Feudal Age
16:01 Castle Age
13:56 Double-Bit Axe
17:25 Medium Warships
19:15 Bow Saw
Connection lost

Rejoining the realm…

Still unreachable

The connection could not be restored.

Session expired

The server has moved on; the page needs a fresh start.